 Dungeon Crawl Stone Soup version 0.27-a0-216-g1fbed8a51c (webtiles) character file.

Game seed: 9408914813912806143

2609 vurker the Cleaver (level 9, -3/53 HPs)
             Began as a Gargoyle Chaos Knight on Jan 31, 2021.
             Was a Follower of the Shining One.
             Slain by a two-headed ogre
             ... wielding a +0 giant club
              (9 damage)
             ... on level 8 of the Dungeon.
             The game lasted 00:11:16 (8338 turns).

vurker the Cleaver (Gargoyle Chaos Knight)          Turns: 8338, Time: 00:11:17

Health: -3/53      AC: 24    Str: 18 (19) XL:     9   Next: 59%
Magic:  4/13       EV:  5    Int: 11      God:    the Shining One [*.....]
Gold:   473        SH:  0    Dex:  9      Spells: 8/8 levels left

rFire    . . .     SeeInvis .   a - +0 broad axe
rCold    + . .     Faith    .   (no shield)
rNeg     + . .     Spirit   .   A - +0 plate armour
rPois    ∞         Reflect  .   z - +0 helmet
rElec    +         Harm     .   y - +0 cloak
rCorr    +         Rampage  .   D - +0 pair of gloves
Will     .....                  C - +1 pair of boots
Stlth    ..........             (no amulet)
HPRegen  0.17/turn              s - ring of resist corrosion
MPRegen  0.13/turn              (no ring)

@: glowing
A: yellow scales 1, blurry vision 1, cold resistance 1, deterioration 1, dopey
1, frail 1, high mp 1, negative energy resistance 1, sense surroundings 2,
electricity resistance, unbreathing, petrification resistance, miasma immunity,
MP-powered wands, AC +6
a: Renounce Religion


You were on level 8 of the Dungeon.
You worshipped the Shining One.
The Shining One was aware of your devotion.
You visited 1 branch of the dungeon, and saw 8 of its levels.

You collected 569 gold pieces.
You spent 96 gold pieces at shops.

Inventory:

Hand Weapons
 a - a +0 broad axe (weapon)
   (You bought it in a shop on level 4 of the Dungeon)
Armour
 y - a +0 cloak (worn)
   (You found it on level 4 of the Dungeon)
 z - a +0 helmet (worn)
   (You found it on level 5 of the Dungeon)
 A - a +0 plate armour (worn)
   (You found it on level 7 of the Dungeon)
 C - a +1 pair of boots (worn)
   (You found it on level 6 of the Dungeon)
 D - a +0 pair of gloves (worn)
   (You found it on level 6 of the Dungeon)
Jewellery
 s - a ring of resist corrosion (left hand)
   (You found it on level 3 of the Dungeon)
Wands
 x - a wand of mindburst (19)
   (You found it on level 4 of the Dungeon)
Scrolls
 c - 13 scrolls of identify {unknown}
 f - 4 scrolls of immolation {unknown}
 j - 4 scrolls of teleportation {unknown}
 m - 2 scrolls of blinking {unknown}
 n - 7 scrolls of remove curse {unknown}
 o - a scroll of random uselessness {unknown}
 p - 2 scrolls of enchant weapon {unknown}
 q - 3 scrolls of fear {unknown}
 t - 2 scrolls of noise {unknown}
 u - a scroll of fog {unknown}
 w - a scroll of amnesia {unknown}
 B - 2 scrolls of magic mapping {unknown}
Potions
 b - 2 potions of heal wounds {unknown}
 d - 2 potions of degeneration {unknown}
 e - 2 potions of haste {unknown}
 g - 4 potions of attraction {unknown}
 h - a potion of ambrosia {unknown}
 i - a potion of might {unknown}
 k - 9 potions of curing {unknown}
 l - a potion of invisibility {unknown}
 r - 2 potions of resistance {unknown}
 v - a potion of cancellation {unknown}


   Skills:
 + Level 8.2 Fighting
 * Level 9.4 Axes
 - Level 2.1 Armour
 - Level 0.7 Dodging
 + Level 4.5 Invocations


You had 8 spell levels left.
You didn't know any spells.
Your spell library contained the following spells:

 Spells                   Type           Power        Failure   Level
 Ensorcelled Hibernation  Hex/Ice        0%           100%        2
 Animate Armour           Summ/Erth      0%           100%        4
 Borgnjor's Vile Clutch   Necr/Erth      0%           100%        5
 Silence                  Hex/Air        0%           100%        5
 Shadow Creatures         Summ           N/A          100%        6


Dungeon Overview and Level Annotations

Branches:
Dungeon (8/15)             Temple (0/1) D:7
   Lair: D:8-11

Altars:
Cheibriados
Hepliaklqana
Kikubaaqudgha
Makhleb
Ru
Trog
Uskayaw
Vehumet
Wu Jian
Zin
The Shining One

Shops:
D:4 }}:(


Innate Abilities, Weirdness & Mutations

You are resistant to torment.
Your stone body is resilient. (AC +6)
You are immune to poison.
You resist negative energy. (rN+)
You are resistant to electric shocks. (rElec)
You can survive without breathing.
You are immune to petrification.
You are immune to miasma.
You are partially covered in yellow scales. (AC +2)
Scrolls take you a little longer to read.
Your flesh is cold resistant. (rC+)
Your body sometimes deteriorates upon taking damage.
You are dopey. (Int -2)
You are frail. (-10% HP)
You have an increased reservoir of magic. (+10% MP)
You passively map the area around you.
You expend magic power (3 MP) to strengthen your wands.


Message History

No target in view!
No target in view!
No target in view!
No target in view!
No target in view!
No target in view!
No target in view!
No target in view!
No target in view!
No target in view!
No target in view!
No target in view!
No target in view!
No target in view!
No target in view!
k - 9 glowing brown potions (gained 1)
You now have 473 gold pieces (gained 13).
Things that are here:
a +0 shortbow; 11 arrows; a centaur corpse You see here a short sword.
There is a stone staircase leading up here.
Found an escape hatch in the floor.
There is an escape hatch in the floor here.
There is a stone staircase leading up here.
Found a spear.
Found a metal-bound book.
A two-headed ogre comes into view. It is wielding two +0 giant clubs.
A two-headed ogre is nearby!
You hit the two-headed ogre but do no damage.
The two-headed ogre hits you with a +0 giant club! x2
Your body deteriorates!
You feel weakened.
You hit the two-headed ogre but do no damage.
The two-headed ogre hits you with a +0 giant club!
* * * LOW HITPOINT WARNING * * *
The two-headed ogre hits you but does no damage.
Aim: a two-headed ogre, wielding two +0 giant clubs (haloed, chance to affect: 55%)
You feel a surge of power!
The two-headed ogre's mind is blasted!
Aim: a two-headed ogre, wielding two +0 giant clubs (moderately wounded, haloed, chance to affect: 55%)
You feel a surge of power!
The two-headed ogre's mind is blasted!
The two-headed ogre hits you with a +0 giant club.
* * * LOW HITPOINT WARNING * * *
The two-headed ogre barely misses you.
Aim: a two-headed ogre, wielding two +0 giant clubs (moderately wounded, haloed, chance to affect: 55%)
You feel a surge of power!
The two-headed ogre resists with significant effort.
The two-headed ogre hits you with a +0 giant club.
* * * LOW HITPOINT WARNING * * *
The two-headed ogre hits you with a +0 giant club!
You die...
Xom chuckles heartily!

#.########.#
#.# #.# #.#
#.# #.# #.#
#.# ###
#.#######.#
#........,
#.#######
#.# ***,
.###.###.# ,
#.....O@.#
**.#.#####)#
, * #:# , *
###


You could see a two-headed ogre.

Vanquished Creatures
  Prince Ribbit (D:8)
  An ice beast (D:7)
  A sky beast (D:6)
  2 phantoms
  A necrophage (D:7)
  2 ogres
  5 centaurs
  2 bullfrogs (D:7)
  5 howler monkeys
  3 wights (D:7)
  A bullfrog zombie (D:5)
  A centaur zombie (D:5)
  5 hounds
  A jelly (D:6)
  4 orc priests
  An iguana (D:5)
  5 orc wizards
  6 worker ants
  A killer bee zombie (D:5)
  A hound zombie (D:6)
  11 adders
  2 shadow imps
  A white imp (D:6)
  2 ufetubi
  2 oozes
  2 adder skeletons
  3 worms
  5 dart slugs
  2 leopard geckos (D:2)
  25 orcs
  2 giant cockroaches
  7 goblins
  8 hobgoblins
  16 jackals
  2 quokkas
  5 bats
  8 frilled lizards
  A jackal skeleton (D:6)
  10 kobolds
  3 leopard gecko skeletons
  6 rats
172 creatures vanquished.

Notes
Turn   | Place    | Note
-------+----------+-------------------------------------------
     0 | D:1      | vurker the Gargoyle Chaos Knight began the quest for the
                  | Orb.
     0 | D:1      | Reached XP level 1. HP: 14/14 MP: 1/1
     0 | D:1      | Fell from the grace of Xom
    43 | D:1      | Reached skill level 3 in Axes
   232 | D:1      | Reached XP level 2. HP: 19/19 MP: 2/2
   347 | D:1      | You fall into a shaft and drop 1 floor!
   426 | D:1      | Reached XP level 3. HP: 24/24 MP: 3/3
   666 | D:1      | XOM: noise
   775 | D:2      | Found a bloodstained altar of Trog.
   778 | D:2      | Found a snail-covered altar of Cheibriados.
   886 | D:2      | Found an ancient bone altar of Kikubaaqudgha.
   974 | D:2      | XOM: noise
   987 | D:2      | Reached XP level 4. HP: 17/29 MP: 4/4
   998 | D:2      | Reached skill level 4 in Axes
  1759 | D:3      | Reached XP level 5. HP: 29/34 MP: 5/5
  2455 | D:4      | Reached skill level 5 in Axes
  2456 | D:4      | Reached XP level 6. HP: 15/40 MP: 6/6
  2460 | D:4      | Reached skill level 5 in Fighting
  2832 | D:4      | Found Pievan's Antique Weapon Boutique.
  2886 | D:4      | Found Erphow's Gadget Boutique.
  2888 | D:4      | Found Fyut's Book Shoppe.
  2892 | D:4      | XOM: give mutations
  2892 | D:4      | Gained mutation: You are partially covered in yellow
                  | scales. (AC +2) [Xom's mischief]
  2892 | D:4      | Gained mutation: You are dopey. (Int -2) [Xom's mischief]
  3148 | D:4      | XOM: stat loss: -2 Int (8/10)
  3203 | D:4      | Found a glowing silver altar of Zin.
  3203 | D:4      | Found a hazy altar of Hepliaklqana.
  3219 | D:4      | Found a hide-covered altar of Uskayaw.
  3234 | D:4      | Found Orphuskue's Gadget Boutique.
  3329 | D:5      | Entered Level 5 of the Dungeon
  3362 | D:5      | Reached XP level 7. HP: 41/44 MP: 7/7
  3369 | D:5      | Reached skill level 6 in Axes
  3793 | D:5      | Found a burning altar of Makhleb.
  3801 | D:5      | Got an ichor-stained robe
  4217 | D:5      | XOM: give mutations
  4217 | D:5      | Gained mutation: You are frail. (-10% HP) [Xom's mischief]
  4217 | D:5      | Gained mutation: Scrolls take you a little longer to read.
                  | [Xom's mischief]
  4217 | D:5      | Gained mutation: Your body sometimes deteriorates upon
                  | taking damage. [Xom's mischief]
  4217 | D:5      | Gained mutation: You are strong-willed. (Will+) [Xom's
                  | mischief]
  4655 | D:6      | Reached skill level 7 in Axes
  4678 | D:6      | Reached XP level 8. HP: 34/46 MP: 8/8
  4778 | D:5      | XOM: summons 10 hostile demons
  4779 | D:5      | Noticed a red devil
  4779 | D:5      | Noticed a sun demon
  4779 | D:5      | Noticed a smoke demon
  4779 | D:5      | Noticed a soul eater
  4779 | D:5      | Noticed an orange demon
  5465 | D:6      | Found a glowing golden altar of the Shining One.
  5523 | D:6      | Became a worshipper of the Shining One
  5659 | D:4      | XOM: give mutations
  5659 | D:4      | Gained mutation: You passively map a small area around you.
                  | [Xom's mischief]
  5659 | D:4      | Gained mutation: Your flesh is cold resistant. (rC+) [Xom's
                  | mischief]
  5681 | D:4      | Bought a broad axe for 96 gold pieces
  5837 | D:6      | The Shining One protects you from harm!
  6160 | D:6      | Reached skill level 1 in Invocations
  6163 | D:6      | XOM: polymorph leopard gecko -> bat
  6306 | D:6      | Reached skill level 8 in Axes
  6618 | D:7      | Found a staircase to the Ecumenical Temple.
  6755 | D:7      | XOM: 4-stop teleportation journey
  6942 | D:7      | Reached XP level 9. HP: 38/51 MP: 11/11
  7001 | D:7      | XOM: stat loss: -2 Dex (7/9)
  7262 | D:7      | Reached * piety under the Shining One
  7678 | D:8      | Reached skill level 9 in Axes
  7723 | D:8      | Found a radiant altar of Vehumet.
  7723 | D:8      | Found an ornate altar of the Wu Jian Council.
  7724 | D:8      | Found a sacrificial altar of Ru.
  7791 | D:8      | XOM: give mutations
  7791 | D:8      | Gained mutation: You have an increased reservoir of magic.
                  | (+10% MP) [Xom's grace]
  7791 | D:8      | Gained mutation: You passively map the area around you.
                  | [Xom's grace]
  7884 | D:8      | Noticed Prince Ribbit
  7903 | D:8      | Killed Prince Ribbit
  7988 | D:8      | XOM: torment (42/53 hp)
  8065 | D:8      | XOM: give mutations
  8065 | D:8      | Lost mutation: You are strong-willed. (Will+) [Xom's
                  | mischief]
  8065 | D:8      | Gained mutation: You expend magic power (3 MP) to
                  | strengthen your wands. [Xom's mischief]
  8332 | D:8      | Noticed a two-headed ogre
  8338 | D:8      | Slain by a two-headed ogre

Illustrated notes

Levels and vault maps discovered:
D:1:      onia_arrival_pentagram, layout_basic, minmay_misc_feat_plants
D:2:      layout_basic, nicolae_overflow_crystal_walls,
          grunt_temple_overflow_open, minmay_split_cup_large
D:3:      layout_basic
D:4:      layout_rooms, nicolae_overflow_hidden_temple, serial_shops,
          shop_coins, kennysheep_mini, kennysheep_mini_moat,
          nicolae_shop_behind_doors
D:5:      layout_basic, bloody_makhleb
D:6:      layout_basic, nicolae_tso_carved_into_rock
D:7:      layout_gridville, minmay_temple_entry_glass, kennysheep_another_room
D:8:      layout_loops_ring, minitemple, erik_lair_dragon, uniq_prince_ribbit1

Skill      XL: |  1  2  3  4  5  6  7  8  9 |
---------------+----------------------------+-----
Axes           | 3 4 5 7 8 9 |  9.4
Fighting       | 4 5 6 7 8 |  8.2
Invocations    | 2 4 |  4.5
Armour         | |  2.1
Dodging        | |  0.7

Action                   |  1- 3 |  4- 6 |  7- 9 || total
-------------------------+-------+-------+-------++-------
Melee: Hand axe          |    94 |   200 |   164 ||   458
       Broad axe         |       |       |   204 ||   204
       Unarmed           |       |       |    12 ||    12
Invok: Renounce Religion |     1 |       |       ||     1
Evoke: Wand              |       |       |     3 ||     3
 Stab: Paralysed         |     1 |     1 |     1 ||     3
Armor: Leather armour    |    14 |       |       ||    14
       Scale mail        |    38 |       |       ||    38
       Chain mail        |     7 |   153 |   197 ||   357
       Plate armour      |       |       |   137 ||   137
Dodge: Dodged            |    40 |   103 |   141 ||   284

Table legend: (Time is in decaauts)
 A = Elapsed time spent in this place.
 B = Non-inter-level travel time spent in this place.
 C = Inter-level travel time spent in this place.
 D = Time resting spent in this place.
 E = Time spent auto-exploring this place.
 F = Levels seen in this place.
 G = Mean time per level.
                   A        B        C        D        E       F      G
               +--------+--------+--------+--------+--------+-----+--------+
         Total |   8418 |   8057 |    361 |    600 |   5920 |   8 | 1052.2 |
       Dungeon |   8418 |   8057 |    361 |    600 |   5920 |   8 | 1052.2 |
               +--------+--------+--------+--------+--------+-----+--------+

Top non-repeatable levels by time:
     D:6: 1680 daAuts
     D:5: 1563 daAuts
     D:7: 1085 daAuts
     D:4: 975 daAuts
     D:1: 885 daAuts
     D:2: 828 daAuts
     D:3: 727 daAuts
     D:8: 673 daAuts
